[Event "Late-Titled-Tuesday-Blitz-September-19-2023"]
[Site "Chess.com"]
[Date "2023.09.19"]
[Round "1"]
[White "Grig1508"]
[Black "IamSchrodingersCat"]
[Result "0-1"]
[WhiteElo "2066"]
[BlackElo "2514"]
[TimeControl "180+1"]
[EndTime "14:06:34 PDT"]
[Termination "IamSchrodingersCat won on time"]

1. e4 c5 2. g3 Nc6 3. Bg2 g6 4.
d3 Bg7 5. f4 e6 6. Nf3 Nge7 7.
c3 O-O 8. O-O b5 9. g4 f5 10. gxf5 exf5 11. Be3 d6 12. Nbd2 b4 13. Qb3+ Kh8 14. Ng5 bxc3 15. bxc3 Qe8 16. Nc4 Qd7 17. e5 Rb8 18. Qc2 dxe5 19. Bxc5 exf4 20. Bxc6 Nxc6 21.
Bxf8 Bxf8 22. d4 Qd5 23. Qe2 Bb7 24. Rxf4 Bh6 25. h4 Bxg5 26. hxg5 Nxd4 27. Qe5+ Qxe5 28. Nxe5 Ne2+ 0-1

[Event "Late-Titled-Tuesday-Blitz-September-19-2023"]
[Site "Chess.com"]
[Date "2023.09.19"]
[Round "1"]
[White "Mikasinski"]
[Black "ljm509"]
[Result "1-0"]
[WhiteElo "2623"]
[BlackElo "2347"]
[TimeControl "180+1"]
[EndTime "14:06:35 PDT"]
[Termination "Mikasinski won by resignation"]

1. e4 e6 2. d4 d5 3. Nc3 dxe4 4. Nxe4 Nd7 5. Nf3 Ngf6 6. Nxf6+ Nxf6 7. c3 a6 8. g3 c5 9. Bg2 Qb6 10. O-O Be7 11.
dxc5 Bxc5 12. b4 Be7 13. Be3 Qc7 14. Bd4 O-O 15. Be5 Qc4 16. Qd4 Qxd4 17. Bxd4 Nd5 18. Rfe1 b5 19. Ne5 Bb7 20. a4 Bf6 21. axb5 axb5 22.
Bf1 Rfc8 23. Rac1 Nc7 24. Nd7 Bxd4 25. cxd4 Nd5 26. Rc5 Nxb4 27. Bxb5 Nd5 28. Rec1 f6 29. h4 Kf7 30. Bc4 Rxc5 31. Nxc5 Bc6 32. Bb3 Rc8 33. Ne4 Ke7 34. Re1 Bb7 35. Nc5 Bc6 36. Rxe6+ Kf7 37. Rxc6 Rxc6 38. Bxd5+ Ke7 39. Bxc6 Kd6 40. Be4 1-0

[Event "Late-Titled-Tuesday-Blitz-September-19-2023"]
[Site "Chess.com"]
[Date "2023.09.19"]
[Round "1"]
[White "amanmuhammethommadov"]
[Black "matagordo"]
[Result "1-0"]
[WhiteElo "2541"]
[BlackElo "2210"]
[TimeControl "180+1"]
[EndTime "14:06:35 PDT"]
[Termination "amanmuhammethommadov won by resignation"]

1. e4 e6 2. d4 d5 3. e5 c5 4. c3 Nc6 5. Nf3 Nh6 6. Bd3 Nf5 7.
Bxf5 exf5 8. Be3 Qb6 9. Qd2 h6 10.
h4 Be6 11. a3 Na5 12. dxc5 Qc7 13. Nd4 Nc4 14. Qe2 Qxe5 15. b4 Be7 16. Bc1 Qxe2+ 17.
Kxe2 Bf6 18. Nd2 O-O 19. N2f3 Rfe8 20. Kd3 g6 21. Bxh6 Kh7 22. Bg5 Kg7 23. Bxf6+ Kxf6 24. Rae1 Nxa3 25. h5 g5 26. h6 Nc4 27. h7 Rh8 28.
Nxe6 fxe6 29. Rh6+ Kg7 30. Rexe6 Rxh7 31. Reg6+ Kh8 32.
Nxg5 Rxh6 33. Rxh6+ Kg8 34. Rg6+ Kh8 35. Rf6 Re8 36.
Rxf5 Re1 37. Rxd5 Ne5+ 38. Kd2 Re4 39. Nxe4 1-0

[Event "Late-Titled-Tuesday-Blitz-September-19-2023"]
[Site "Chess.com"]
[Date "2023.09.19"]
[Round "1"]
[White "angelgab3"]
[Black "MajorCoast"]
[Result "1-0"]
[WhiteElo "2566"]
[BlackElo "2276"]
[TimeControl "180+1"]
[EndTime "14:06:36 PDT"]
[Termination "angelgab3 won by resignation"]

1. e4 d5 2. exd5 Qxd5 3. Nc3 Qd6 4. d4 Nf6 5. Nf3 c6 6. Ne5 Nbd7 7. Nc4 Qc7 8. Qf3 Nb6 9. Bf4 Qd7 10. Be5 Qf5 11. Qd1 Be6 12. Bd3 Qg5 13. Ne3 Ng4 14.
h4 Nxe3 15. hxg5 Nxd1 16. Rxd1 h6 17. a4 Nc4 18. b3 Nb2 19. Rd2 Nxd3+ 20. Rxd3 f6 21.
gxf6 exf6 22. Bg3 Kf7 23. O-O Bf5 24. Rf3 Bxc2 25. d5 cxd5 26. Rc1 Bxb3 27. Nb5 Bxa4 28. Nc7 Bc6 29. Nxa8 Ba3 30. Rxa3 Rxa8 31. f3 a5 32. Be1 a4 33. Bb4 Ra6 34. Re3 b5 35. Re7+ Kg6 36. Re6 a3 37. Rexc6 Rxc6 38. Rxc6 a2 39. Ra6 a1=Q+ 40.
Rxa1 1-0

[Event "Late-Titled-Tuesday-Blitz-September-19-2023"]
[Site "Chess.com"]
[Date "2023.09.19"]
[Round "1"]
[White "jefferyx"]
[Black "guillembaches"]
[Result "1-0"]
[WhiteElo "3004"]
[BlackElo "2501"]
[TimeControl "180+1"]
[EndTime "14:06:38 PDT"]
[Termination "jefferyx won on time"]

1. e4 d5 2. exd5 Qxd5 3. Nc3 Qa5 4. d4 Nf6 5. Bc4 Bg4 6. f3 Bd7 7. Ne2 e6 8. Bf4 Bd6 9. Qd2 O-O 10. O-O-O Nc6 11.
Kb1 Rad8 12. Bg5 Be7 13. Bb3 Qb6 14. d5 Na5 15. Nf4 Nxb3 16. axb3 h6 17. Bxf6 Bxf6 18. Ne4 Be5 19. dxe6 Bxe6 20. Qxd8 Rxd8 21. Rxd8+ Kh7 22.
Nxe6 Qxe6 23. Rhd1 b6 24. g3 f5 25. Nc3 Bd6 26.
Ka2 Qe7 27. Ra8 a5 28. Rd5 f4 29. g4 Qe3 30. Rd3 Qf2 31. Ne4 Qxc2 32. Rc3 Qxh2 33. Nxd6 cxd6 34. Ra7 Kg6 35. Rd7 Kg5 36. Rxd6 Kh4 37.
Rxb6 Kg3 38. Rb5 g5 39. Rxa5 Qe2 40. b4 Qe6+ 41. Ka3 h5 42. gxh5 g4 43. fxg4+ f3 44. g5 Kg2 45. g6 f2 46. Rg5+ Kh2 47. Rf3 1-0

[Event "Late-Titled-Tuesday-Blitz-September-19-2023"]
[Site "Chess.com"]
[Date "2023.09.19"]
[Round "1"]
[White "PotapovaM"]
[Black "Mike24147"]
[Result "0-1"]
[WhiteElo "2617"]
[BlackElo "2371"]
[TimeControl "180+1"]
[EndTime "14:06:40 PDT"]
[Termination "Mike24147 won by resignation"]

1. Nf3 d5 2. c4 e6 3. g3 Nf6 4. Bg2 Be7 5. O-O O-O 6. d4 dxc4 7.
Ne5 Nc6 8. Bxc6 bxc6 9. Nxc6 Qe8 10. Nxe7+ Qxe7 11. Na3 c5 12. Nxc4 Rd8 13. Qa4 cxd4 14. Bf4 Bb7 15. Na5 Bd5 16. Rac1 e5 17. Bg5 Qe6 18. f3 Rdb8 19. b3 Nd7 20. Rc7 Nb6 21.
Qa3 f6 22. Bd2 Re8 23. Qc5 Rac8 24. Bb4 Rxc7 25. Qxc7 e4 26. f4 e3 27. f5 Qe4 28.
Rf3 d3 29. Qc1 dxe2 0-1

[Event "Late-Titled-Tuesday-Blitz-September-19-2023"]
[Site "Chess.com"]
[Date "2023.09.19"]
[Round "1"]
[White "artin10862"]
[Black "Schattman"]
[Result "1-0"]
[WhiteElo "2923"]
[BlackElo "2491"]
[TimeControl "180+1"]
[EndTime "14:06:42 PDT"]
[Termination "artin10862 won on time"]

1. e4 c5 2. Nf3 e6 3. b3 a6 4.
Bb2 Nc6 5. c4 Nf6 6. e5 Ng4 7.
h3 Nh6 8. g3 Nf5 9. Bg2 Be7 10.
O-O O-O 11. Nc3 f6 12. Ne4 fxe5 13. Nxe5 Nxe5 14. Bxe5 d6 15. Bb2 Bd7 16. d4 cxd4 17.
Bxd4 Nxd4 18. Qxd4 Bc6 19. Rad1 Qa5 20. Nxd6 Bxg2 21. Kxg2 Bxd6 22. Qxd6 Qxa2 23. Qxe6+ Kh8 24. Rd3 Rae8 25. Qd5 b6 26. Rf3 h6 27. Rxf8+ Rxf8 28. Qd6 Re8 29. Qxb6 Qe2 30. Qxa6 Qe4+ 31. Kg1 Rf8 32. Qb5 Rf3 33. Qd5 Qe2 34. b4 Rd3 35. Qa8+ Kh7 36. c5 Rd2 37. c6 Rd1 38. Rxd1 Qxd1+ 39. Kh2 Qd5 40. Qa6 Qf3 41. Qb6 Qxf2+ 42. Qxf2 1-0

[Event "Late-Titled-Tuesday-Blitz-September-19-2023"]
[Site "Chess.com"]
[Date "2023.09.19"]
[Round "1"]
[White "vladislavkovalev"]
[Black "DishonorOnYourCow"]
[Result "1-0"]
[WhiteElo "2881"]
[BlackElo "2479"]
[TimeControl "180+1"]
[EndTime "14:06:43 PDT"]
[Termination "vladislavkovalev won on time"]

1. e4 c5 2. Nf3 d6 3. Bb5+ Nd7 4.
O-O a6 5. Bd3 Ngf6 6. c3 b5 7. a4 c4 8. Be2 Bb7 9. axb5 axb5 10.
Rxa8 Qxa8 11. Na3 Bxe4 12. Nxb5 Qb7 13. Bxc4 d5 14. Be2 e5 15. Qa4 Bc5 16. Nxe5 O-O 17.
Nxd7 Qxd7 18. d4 Be7 19. Qa7 Qe6 20. Re1 Bd3 21. Nc7 Qf5 22. Bxd3 Qxd3 23. Qa6 Qc2 24. Qe2 Qxe2 25. Rxe2 Bd6 26. Nb5 Bb8 27. f3 h6 28.
b3 Rc8 29. g3 Nd7 30. Ba3 Nb6 31. Bc5 Nd7 32. b4 Bc7 33. Re7 Nxc5 34. dxc5 Bb8 35.
c6 Kf8 36. Rb7 Be5 37. f4 Bf6 38. c7 Ke7 39. Na7 d4 40. Nxc8+ 1-0

[Event "Late-Titled-Tuesday-Blitz-September-19-2023"]
[Site "Chess.com"]
[Date "2023.09.19"]
[Round "1"]
[White "tdf98pantani"]
[Black "RIPOL"]
[Result "1-0"]
[WhiteElo "2716"]
[BlackElo "2429"]
[TimeControl "180+1"]
[EndTime "14:06:45 PDT"]
[Termination "tdf98pantani won by resignation"]

1. d4 Nf6 2. c4 e6 3. Nf3 d5 4.
Nc3 Bb4 5. Qa4+ Nc6 6. e3 a6 7. Qc2 O-O 8. Bd2 Re8 9. Bd3 dxc4 10. Bxc4 Bd6 11. O-O b5 12. Bb3 Bb7 13. e4 e5 14.
dxe5 Nxe5 15. Nxe5 Bxe5 16. f3 c5 17. a3 c4 18. Ba2 Qb6+ 19. Kh1 Rad8 20. Rad1 Rd3 21.
Bb1 Red8 22. Qc1 R3d7 23. Be3 Bd4 24. Rxd4 Rxd4 25. Ne2 Rd1 26. Bxb6 1-0

[Event "Late-Titled-Tuesday-Blitz-September-19-2023"]
[Site "Chess.com"]
[Date "2023.09.19"]
[Round "1"]
[White "Padelator"]
[Black "dedpihto_v_kozhanom_palto"]
[Result "0-1"]
[WhiteElo "2392"]
[BlackElo "2682"]
[TimeControl "180+1"]
[EndTime "14:06:45 PDT"]
[Termination "dedpihto_v_kozhanom_palto won on time"]

1. Nf3 g6 2. c4 Bg7 3. Nc3 d6 4. d4 Nc6 5. e3 Nf6 6. Be2 O-O 7. O-O Nd7 8. b3 e5 9. Bb2 f5 10. dxe5 Ndxe5 11. Nxe5 Nxe5 12. Qc2 Be6 13. Rad1 Qe7 14. Na4 b6 15. b4 a5 16. c5 axb4 17.
cxd6 cxd6 18. Nxb6 Rxa2 19. Rd4 d5 20. Ra1 Rxa1+ 21.
Bxa1 Qb7 22. Qc5 b3 23. Qd6 Bf7 24. Rb4 Qb8 25. Qc5 d4 26. Bxd4 Rd8 27. h3 h5 28.
Qc3 Qd6 29. f4 Nc6 30. Bxg7 Qxb4 31. Bh6 Qxc3 0-1

[Event "Late-Titled-Tuesday-Blitz-September-19-2023"]
[Site "Chess.com"]
[Date "2023.09.19"]
[Round "1"]
[White "komogro"]
[Black "SantoBlue"]
[Result "0-1"]
[WhiteElo "2495"]
[BlackElo "2946"]
[TimeControl "180+1"]
[EndTime "14:06:47 PDT"]
[Termination "SantoBlue won on time"]

1. Nf3 c5 2. g3 Nc6 3. Bg2 g6 4.
O-O Bg7 5. d3 d5 6. c3 Bg4 7. Nbd2 e6 8. Ne1 e5 9. h3 Be6 10. e4 Nge7 11. Nc2 Qd7 12. Kh2 O-O 13. Qe2 Rad8 14. a4 b6 15. exd5 Bxd5 16. Ne4 f5 17.
Ng5 Bxg2 18. Kxg2 h6 19. Nf3 Qxd3 20. Qxd3 Rxd3 21. Ne3 e4 22. Ne1 Rd7 23. Nc4 g5 24. Nc2 f4 25. Re1 f3+ 26. Kf1 Ng6 27. Rxe4 Nce5 28.
Nxe5 Nxe5 29. Ne3 Rfd8 30. Kg1 h5 31. g4 h4 32. a5 Ng6 33. axb6 axb6 34. Nf5 Rd1+ 35.
Kh2 Rf1 36. Ra7 Rxf2+ 37. Kg1 Rg2+ 38. Kf1 Rd1+ 39. Re1 Rxe1+ 40. Kxe1 Be5 41. Bxg5 Bg3+ 42. Nxg3 hxg3 43. Be3 Re2+ 0-1

[Event "Late-Titled-Tuesday-Blitz-September-19-2023"]
[Site "Chess.com"]
[Date "2023.09.19"]
[Round "1"]
[White "angryspacevoid"]
[Black "Angry_Twin"]
[Result "0-1"]
[WhiteElo "2495"]
[BlackElo "2943"]
[TimeControl "180+1"]
[EndTime "14:06:47 PDT"]
[Termination "Angry_Twin won by resignation"]

1. e4 c5 2. Nf3 d6 3. d4 cxd4 4. Nxd4 Nf6 5. Nc3 a6 6. Bg5 e6 7. f4 h6 8. Bh4 Nbd7 9. Qf3 e5 10.
Nb3 exf4 11. O-O-O g5 12. Bf2 Ne5 13. Qe2 Bg4 14.
Qd2 Bxd1 15. Qxd1 Bg7 16. Nd4 Nfg4 17. Bg1 Ne3 18. Bxe3 fxe3 19. Nf5 O-O 20. h4 g4 21.
h5 Qg5 22. Kb1 Nc6 23. Nd5 Rae8 24. Bd3 Nd4 25. Nfxe3 f5 26. c3 fxe4 27. Bc4 b5 28.
Nf6+ Kh8 29. Nxe8 Rxe8 30. Re1 bxc4 31. cxd4 d5 32. Qa4 Rb8 33. Qc6 Bxd4 34. Nxd5 Rxb2+ 0-1

[Event "Late-Titled-Tuesday-Blitz-September-19-2023"]
[Site "Chess.com"]
[Date "2023.09.19"]
[Round "1"]
[White "Hasangatin_Ramil"]
[Black "Zapateado"]
[Result "1-0"]
[WhiteElo "2701"]
[BlackElo "2411"]
[TimeControl "180+1"]
[EndTime "14:06:48 PDT"]
[Termination "Hasangatin_Ramil won on time"]

1. e4 c5 2. Nf3 g6 3. Bc4 Bg7 4. O-O e6 5. c3 d5 6. exd5 exd5 7.
Bb5+ Bd7 8. Qe2+ Ne7 9. Re1 Bf6 10. Ne5 O-O 11. Bxd7 Nxd7 12. Ng4 Re8 13. Nxf6+ Nxf6 14.
d3 Nf5 15. Qd1 Rxe1+ 16. Qxe1 Qd6 17. h3 Re8 18. Qf1 h5 19. Nd2 Nh4 20. g3 Nf5 21.
Nf3 Qe6 22. Bd2 Qe2 23. Re1 Qxf1+ 24. Kxf1 Rxe1+ 25. Kxe1 Nd7 26. Bf4 b5 27. g4 hxg4 28. hxg4 Ne7 29. Ne5 Nxe5 30. Bxe5 Nc6 31. Bd6 c4 32.
Ke2 f5 33. f3 Kf7 34. Ke3 Ke6 35. Bc5 fxg4 36. fxg4 cxd3 37. Kxd3 Ne5+ 38. Kd4 Nxg4 39. Bxa7 Ne5 40. Kc5 Nd3+ 41. Kxb5 Nxb2 42. a4 Nc4 43. a5 Nd6+ 44. Kc6 g5 45. a6 Nc4 46. Bd4 g4 47. a7 Na5+ 48. Kc7 1-0

[Event "Late-Titled-Tuesday-Blitz-September-19-2023"]
[Site "Chess.com"]
[Date "2023.09.19"]
[Round "1"]
[White "karinachess1"]
[Black "dzilleruelo"]
[Result "1/2-1/2"]
[WhiteElo "2604"]
[BlackElo "2338"]
[TimeControl "180+1"]
[EndTime "14:06:49 PDT"]
[Termination "Game drawn by repetition"]

1. d4 Nf6 2. c4 g6 3. Nc3 d5 4.
g3 Bg7 5. cxd5 Nxd5 6. Bg2 Nxc3 7. bxc3 O-O 8. e4 c5 9. Ne2 Nc6 10. Be3 cxd4 11. cxd4 e5 12. d5 Ne7 13. O-O Bg4 14.
Rb1 b6 15. f3 Bd7 16. f4 Nc8 17. fxe5 Bxe5 18. Bd4 Qe7 19. Rc1 Bb5 20. Bxe5 Qxe5 21. Rf4 Bxe2 22. Qxe2 Nd6 23. h4 Rac8 24. Rxc8 Rxc8 25.
h5 Nf5 26. Qg4 Rc1+ 27. Kh2 Ne3 28. Qd7 Qxh5+ 29. Rh4 Qe2 30. Qe8+ Kg7 31. Rxh7+ Kxh7 32. Qxf7+ Kh6 33. Qf8+ Kh7 34. Qf7+ Kh6 35. Qf8+ Kh7 36. Qf7+ 1/2-1/2

[Event "Late-Titled-Tuesday-Blitz-September-19-2023"]
[Site "Chess.com"]
[Date "2023.09.19"]
[Round "1"]
[White "szachmistrz2500"]
[Black "Zkid"]
[Result "0-1"]
[WhiteElo "2499"]
[BlackElo "2955"]
[TimeControl "180+1"]
[EndTime "14:06:50 PDT"]
[Termination "Zkid won by resignation"]

1. Nf3 d5 2. g3 Nf6 3. Bg2 c6 4.
O-O Bg4 5. d3 Nbd7 6. Nbd2 e5 7.
e4 dxe4 8. dxe4 h6 9. h3 Be6 10. Qe2 Bc5 11. Nc4 Qc7 12. a4 O-O 13. b3 a5 14. Bb2 Bxc4 15. Qxc4 Rfe8 16. Rad1 Rab8 17. Nh4 b5 18. axb5 cxb5 19. Qe2 a4 20. Ra1 Qa7 21. c4 a3 22. cxb5 Ra8 23. Bc3 Rec8 24.
Rfc1 Qb6 25. Nf5 Bf8 26. Bf1 g6 27. Nh4 Bc5 28. Nf3 Bxf2+ 29. Kg2 Bd4 30. Bxd4 exd4 31. e5 Re8 32. Qc4 Nxe5 33. Qxd4 Qb7 34. Be2 Nxf3 35.
Bxf3 Re2+ 36. Qf2 Rxf2+ 37. Kxf2 Qb6+ 38. Kg2 Rd8 39. Rc2 Qe3 40. Rxa3 Rd2+ 41. Rxd2 Qxd2+ 42. Kf1 Qc1+ 0-1

[Event "Late-Titled-Tuesday-Blitz-September-19-2023"]
[Site "Chess.com"]
[Date "2023.09.19"]
[Round "1"]
[White "JoakimVonAnd"]
[Black "Lion_DL"]
[Result "0-1"]
[WhiteElo "2710"]
[BlackElo "2449"]
[TimeControl "180+1"]
[EndTime "14:06:50 PDT"]
[Termination "Lion_DL won by checkmate"]

1. Nf3 Nf6 2. b3 g6 3. Bb2 Bg7 4. e3 d6 5. c4 Nbd7 6. d4 c5 7. d5 O-O 8. Be2 Qc7 9. O-O e6 10.
Nc3 exd5 11. Nxd5 Nxd5 12. Bxg7 Nxe3 13. fxe3 Kxg7 14. Qd2 Nf6 15. Qc3 Qe7 16. Nd2 Re8 17. Rf3 Qe5 18. Qxe5 Rxe5 19. Raf1 Bf5 20. Bd3 Bxd3 21.
Rxf6 Bxf1 22. Rxf1 Rxe3 23. Nf3 Rd3 24. Re1 d5 25.
Re7 dxc4 26. bxc4 Kf6 27. Rxb7 Rc3 28. h4 Rxc4 29. Rc7 a5 30. Ng5 Rxh4 31. Nxf7 Rb8 32. Nd6 Rd4 33. Nb7 c4 34. Nxa5 Rb1+ 35. Kh2 Rb2 36.
Rc6+ Kg7 37. Nxc4 Rc2 38. Ne5 Rxc6 39. Nxc6 Ra4 40. Ne5 Rxa2 41. Nf3 Kh6 42. Ne5 Kh5 43. Nf3 g5 44. Kg3 h6 45. Ne5 Ra3+ 46. Kh2 g4 47.
Nc4 Rc3 48. Ne5 Kg5 49. Nd7 h5 50. Ne5 h4 51. Nf7+ Kf4 52. Nd6 Rc2 53. Nb5 h3 54. Nd4 Rxg2+ 55. Kh1 Rd2 56. Nb3 Rb2 57. Nc5 Kg3 58.
Ne4+ Kf4 59. Nc3 g3 60. Kg1 Rc2 61. Nd5+ Kf3 62. Ne3 Rc1+ 63. Nf1 h2+ 64. Kh1 Rxf1# 0-1

[Event "Late-Titled-Tuesday-Blitz-September-19-2023"]
[Site "Chess.com"]
[Date "2023.09.19"]
[Round "1"]
[White "only_strong_moves"]
[Black "canary2016"]
[Result "1-0"]
[WhiteElo "2521"]
[BlackElo "2129"]
[TimeControl "180+1"]
[EndTime "14:06:50 PDT"]
[Termination "only_strong_moves won on time"]

1. d4 Nf6 2. Nc3 d5 3. Bf4 c6 4. e3 e6 5. Nf3 Bd6 6. Be2 O-O 7. O-O Qc7 8. Bxd6 Qxd6 9. a3 Nbd7 10. b4 a6 11. Na4 b6 12. Nb2 Ne4 13. c4 Ndf6 14. c5 Qc7 15. Rc1 a5 16. Bd3 Ba6 17. Na4 Bxd3 18.
Qxd3 Nd7 19. Nd2 axb4 20. cxb6 Nxb6 21. Nxb6 Qxb6 22. axb4 Qxb4 23. Nxe4 dxe4 24. Qxe4 Ra2 25. Rxc6 Rfa8 26. h4 h6 27. h5 Qa5 28. Rc5 Qa6 29. Rfc1 Ra1 30. Qf3 Qa3 31. Rxa1 Qxa1+ 32. Kh2 Qa7 33.
Qf4 Qb8 34. Rc7 Qe8 35. g4 Ra2 36. Rb7 Ra8 37. g5 hxg5 38. Qxg5 Qf8 39. h6 f6 40. Rxg7+ Kh8 41. Qg3 Re8 42. Rg6 Re7 43. Rg4 Rf7 44. Kg2 Rh7 45. Rg6 Rf7 46. Qh4 Rh7 47. Qh5 Rf7 48. e4 Rh7 49. d5 exd5 50. exd5 Rf7 51.
Kf1 Rh7 52. Qf5 Rf7 53. h7 1-0

[Event "Late-Titled-Tuesday-Blitz-September-19-2023"]
[Site "Chess.com"]
[Date "2023.09.19"]
[Round "1"]
[White "ilm2034"]
[Black "KVAIDAN"]
[Result "1-0"]
[WhiteElo "2554"]
[BlackElo "2246"]
[TimeControl "180+1"]
[EndTime "14:06:51 PDT"]
[Termination "ilm2034 won by checkmate"]

1. e4 e5 2. Nf3 d5 3. exd5 e4 4. Qe2 Nf6 5. Nc3 Be7 6. Nxe4 Nxd5 7. d4 O-O 8. Bd2 Re8 9. O-O-O f5 10. Ng3 Nc6 11. Qb5 a6 12. Qa4 b5 13. Qb3 Kh8 14.
Ne5 Nxd4 15. Nf7+ Kg8 16. Nxd8 Nxb3+ 17. axb3 Rxd8 18. Ba5 Bb7 19. Nxf5 Bg5+ 20. Bd2 Bxd2+ 21. Rxd2 Rf8 22. Rxd5 Bxd5 23. Ne7+ Kh8 24. Nxd5 Rxf2 25. g3 c5 26. Bd3 Rc8 27. Nb6 Rg8 28. h4 Rb8 29.
Nd7 Rc8 30. h5 c4 31. bxc4 bxc4 32. Be4 a5 33. g4 a4 34. g5 c3 35. bxc3 a3 36.
Kb1 Rc4 37. Bd5 Rxc3 38. Re1 Rc8 39. g6 Rb8+ 40. Nxb8 Rf8 41. Nd7 Rd8 42. Ka2 Rc8 43. c4 Rd8 44. c5 Rc8 45. c6 h6 46. c7 Rf8 47. Kb3 Rc8 48. Nb6 a2 49. Nxc8 a1=N+ 50. Kc4 Nc2 51. Re8# 1-0

[Event "Late-Titled-Tuesday-Blitz-September-19-2023"]
[Site "Chess.com"]
[Date "2023.09.19"]
[Round "1"]
[White "AndreiITrifan"]
[Black "SergioMoralesG"]
[Result "1/2-1/2"]
[WhiteElo "2676"]
[BlackElo "2416"]
[TimeControl "180+1"]
[EndTime "14:06:52 PDT"]
[Termination "Game drawn by repetition"]

1. Nf3 d5 2. e3 Nf6 3. c4 c6 4. Nc3 g6 5. b3 Bg7 6. Bb2 O-O 7. Be2 Re8 8. d4 Bf5 9. O-O Ne4 10. Bd3 Nxc3 11. Bxc3 Bxd3 12. Qxd3 Nd7 13. Rfd1 Nf6 14. Nd2 a5 15. a3 Qd7 16. h3 Red8 17. Rdb1 e6 18. Re1 b5 19. Qc2 a4 20. Qb2 axb3 21. cxb5 cxb5 22. Nxb3 Qc6 23. Bb4 Nd7 24. Rec1 Qb7 25. Nc5 Nxc5 26. Bxc5 Bf8 27. Rab1 Bxc5 28. Rxc5 Qa6 29. Rxb5 Qxa3 30. Qxa3 Rxa3 31. Rb8 Rxb8 32.
Rxb8+ Kg7 33. g3 h5 34. h4 Ra2 35. Kg2 Kf6 36. Rb7 Kg7 37. Kf3 Kf6 38. Rc7 Kg7 39. Rc6 Kf6 40. Rc5 Kg7 41. Rc1 Kf6 42. Rg1 Kg7 43.
Rg2 Kf6 44. Rg1 Kg7 45. Rb1 Kf6 46. Kg2 Kg7 47. Rb5 Kf6 48. Rb3 Kg7 49. Rc3 Kf6 50. Rc8 Kg7 51. Rd8 Kf6 52. Rg8 Rb2 53. Kf3 Ra2 54. Rc8 Kg7 55. Rc1 Kf6 56. Re1 Kg7 57.
Rg1 Kf6 58. Rg2 Kg7 59. Rg1 Kf6 60. Rb1 Kg7 61. Rf1 Kf6 62. Kf4 Rb2 63. Kf3 Ra2 64. Kf4 Rb2 65. Kf3 Ra2 1/2-1/2

[Event "Late-Titled-Tuesday-Blitz-September-19-2023"]
[Site "Chess.com"]
[Date "2023.09.19"]
[Round "1"]
[White "Inepton_Fermion"]
[Black "jk13"]
[Result "0-1"]
[WhiteElo "2375"]
[BlackElo "2653"]
[TimeControl "180+1"]
[EndTime "14:06:52 PDT"]
[Termination "jk13 won on time"]

1. Nf3 d5 2. b3 Nf6 3. Bb2 e6 4. e3 Bd6 5. c4 O-O 6. Nc3 c6 7. d4 Nbd7 8. Bd3 Re8 9. O-O dxc4 10.
bxc4 e5 11. Qc2 Qe7 12. Ng5 h6 13. Nge4 Bc7 14. Rfe1 Ba5 15. Re2 Nxe4 16. Nxe4 Qf8 17. c5 Bc7 18. Bc4 Kh8 19. Rd1 f5 20. Nd6 Bxd6 21.
cxd6 e4 22. Ba3 Qf6 23. Qb3 Nb6 24. Bf7 Rd8 25. Red2 Bd7 26. Bc4 Nxc4 27. Qxc4 Be6 28. Qb4 b6 29. Qc3 Bd5 30. Qb4 Rd7 31. Rc1 Rf8 32.
g3 g5 33. Rdc2 f4 0-1

[Event "Late-Titled-Tuesday-Blitz-September-19-2023"]
[Site "Chess.com"]
[Date "2023.09.19"]
[Round "1"]
[White "TanitoluwaAps116"]
[Black "sebastianmarinp"]
[Result "1-0"]
[WhiteElo "2680"]
[BlackElo "2397"]
[TimeControl "180+1"]
[EndTime "14:06:55 PDT"]
[Termination "TanitoluwaAps116 won on time"]

1. e4 e6 2. d4 d5 3. exd5 exd5 4.
Nf3 Nf6 5. Bd3 Bd6 6. O-O O-O 7. h3 c6 8. Re1 Be6 9. Nc3 Nbd7 10. Ne2 Qc7 11. b3 Rfe8 12. c4 c5 13. Bb2 dxc4 14. bxc4 cxd4 15. Nexd4 a6 16. Nxe6 fxe6 17. Ng5 Be5 18.
Bxe5 Nxe5 19. Bxh7+ Nxh7 20. Nxh7 Rad8 21. Qh5 Nd3 22.
Ng5 Nxe1 23. Qh7+ Kf8 24. Rxe1 Qf4 25. Qh8+ Ke7 26. Qxg7+ Kd6 27. Nf7+ Kc7 28. g3 1-0

[Event "Late-Titled-Tuesday-Blitz-September-19-2023"]
[Site "Chess.com"]
[Date "2023.09.19"]
[Round "1"]
[White "chessdjw"]
[Black "leschebaza"]
[Result "1-0"]
[WhiteElo "2648"]
[BlackElo "2366"]
[TimeControl "180+1"]
[EndTime "14:06:55 PDT"]
[Termination "chessdjw won by resignation"]

1. e4 e6 2. d4 d5 3. Nd2 c5 4. exd5 Qxd5 5. Ngf3 cxd4 6. Bc4 Qd6 7. O-O Nc6 8. Nb3 Nf6 9. Nbxd4 Nxd4 10. Nxd4 Be7 11.
c3 O-O 12. Qf3 e5 13. Nf5 e4 14. Nxe7+ Qxe7 15. Qe2 Be6 16. Bg5 Rac8 17. Bxe6 Qxe6 18. Bxf6 gxf6 19. f3 exf3 20. Qxf3 Rc6 21. Kh1 Kh8 22. Rfe1 Qd6 23. Rad1 Qc5 24. Rd5 Qc4 25. Rh5 Re6 26.
Rxe6 Qxe6 27. h3 Rg8 28. Rf5 Rg6 29. Rd5 Kg7 30. Kh2 b6 31. a3 Qc8 32. Qf4 Qc6 33. c4 h6 34. b3 a6 35. a4 b5 36. a5 bxc4 37. bxc4 h5 38. Qf3 Qxc4 39. Rxh5 Qc7+ 40.
Kh1 Qxa5 41. Rxa5 1-0

[Event "Late-Titled-Tuesday-Blitz-September-19-2023"]
[Site "Chess.com"]
[Date "2023.09.19"]
[Round "1"]
[White "StarkyNZ"]
[Black "Bilan_Danila"]
[Result "1-0"]
[WhiteElo "2304"]
[BlackElo "2565"]
[TimeControl "180+1"]
[EndTime "14:06:55 PDT"]
[Termination "StarkyNZ won by checkmate"]

1. c4 c6 2. e4 d5 3. cxd5 cxd5 4. exd5 Nf6 5. Bb5+ Bd7 6. Bc4 g6 7. Nc3 Bg7 8. Nge2 O-O 9. O-O a6 10. a4 Qc7 11. Qb3 Bg4 12. h3 Bc8 13. d4 Nbd7 14. Bf4 Qb6 15. a5 Qxb3 16. Bxb3 Ne8 17. Rac1 Ndf6 18.
Na4 Bf5 19. Nb6 Rd8 20. Ng3 Bd3 21. Rfe1 Nd7 22. Nc8 Bxd4 23. Nxe7+ Kg7 24. Red1 Bf6 25. Nc6 bxc6 26. dxc6 Bb5 27. cxd7 Rxd7 28. Rxd7 Bxd7 29. Rc2 Bb5 30. Ne4 Bd4 31. Rd2 f6 32. Rxd4 f5 33. Be5+ Kh6 34. Nd6 Nxd6 35. Rxd6 Re8 36. f4 Rc8 37.
Rd1 Rc6 38. Bd5 Rc5 39. b4 Rc2 40. Bf3 Ra2 41. Bd6 Rb2 42. Bf8# 1-0

[Event "Late-Titled-Tuesday-Blitz-September-19-2023"]
[Site "Chess.com"]
[Date "2023.09.19"]
[Round "1"]
[White "MergenKakabaev"]
[Black "Laico"]
[Result "1-0"]
[WhiteElo "2668"]
[BlackElo "2378"]
[TimeControl "180+1"]
[EndTime "14:06:56 PDT"]
[Termination "MergenKakabaev won by resignation"]

1. e4 e6 2. d4 d5 3. e5 c5 4. c3 Nc6 5. Nf3 Bd7 6. a3 Rc8 7. Be3 cxd4 8. cxd4 Nge7 9. Bd3 Nf5 10. Bxf5 exf5 11.
Nc3 Be6 12. O-O Be7 13. g3 O-O 14. h4 h6 15. Rc1 Na5 16. Nd2 Qd7 17. Qa4 Qxa4 18.
Nxa4 b6 19. b4 Nc6 20. Nc3 f4 21. gxf4 Bxh4 22. f5 Bxf5 23. Nxd5 Rfd8 24. Nf3 Bxf2+ 25. Kxf2 Rxd5 26. Rc3 Ne7 27. Rxc8+ Bxc8 28. Rc1 Rd7 29. Nd2 Bb7 30. Rg1 Nf5 31. Nc4 Nxd4 32. Bxh6 Nf5 33. Bg5 Rc7 34. Nd6 Rc2+ 35. Ke1 Nxd6 36. exd6 Bc6 37.
Kd1 Rc4 38. Bf6 g6 39. d7 Bxd7 40. Rh1 Rc1+ 41. Kxc1 1-0

[Event "Late-Titled-Tuesday-Blitz-September-19-2023"]
[Site "Chess.com"]
[Date "2023.09.19"]
[Round "1"]
[White "Rodalquilar"]
[Black "kaanadayhamle"]
[Result "1-0"]
[WhiteElo "2736"]
[BlackElo "2435"]
[TimeControl "180+1"]
[EndTime "14:06:57 PDT"]
[Termination "Rodalquilar won by resignation"]

1. d4 Nf6 2. Nf3 e6 3. Bf4 c5 4. e3 Qb6 5. Na3 cxd4 6. Nb5 Na6 7. exd4 Be7 8. c3 O-O 9. Bd3 d6 10. O-O Nc7 11. a4 Nxb5 12. axb5 Bd7 13. Qe2 Rfc8 14.
h3 Bf8 15. c4 a6 16. bxa6 bxa6 17. Bd2 a5 18. Ra2 a4 19. Rfa1 Bc6 20. Bc3 Qb7 21.
Ne1 Rcb8 22. Bc2 h6 23. Bxa4 Bxa4 24. Rxa4 Rxa4 25. Rxa4 Ne4 26. Rb4 Nxc3 27. bxc3 Qc7 28. Nc2 Ra8 29. g3 d5 30. c5 Ra3 31. c4 dxc4 32.
Rxc4 Qc6 33. Nxa3 1-0